 Dungeon Crawl Stone Soup version 0.22-a0 (webtiles) character file.

1094 KarmaPolice the Jinx (level 8, -1/52 HPs)
             Began as a Vampire Enchanter on Dec 31, 2017.
             Was an Initiate of Kikubaaqudgha.
             Slain by Prince Ribbit (13 damage)
             ... on level 6 of the Dungeon.
             The game lasted 00:12:00 (7844 turns).

KarmaPolice the Jinx (Vampire Enchanter)            Turns: 7844, Time: 00:12:00

Health: -1/52      AC:  2    Str:  8    XL:     8   Next: 9%
Magic:  15/15      EV: 13    Int: 18    God:    Kikubaaqudgha [......]
Gold:   302        SH:  0    Dex: 15    Spells: 7/16 levels left

rFire    . . .     SeeInvis +   A - +2 whip (venom)
rCold    + . .     Gourm    .   (no shield)
rNeg     + + .     Faith    .   b - +0 robe
rPois    +         Spirit   .   (no helmet)
rElec    .         Reflect  .   (no cloak)
rCorr    .         Harm     .   (no gloves)
MR       .....                  (no boots)
Stlth    +++++.....             (no amulet)
HPRegen  0.08/turn              (no ring)
MPRegen  0.14/turn              (no ring)

@: regenerating slowly
A: fangs 3, see invisible, unbreathing
a: Bat Form, Renounce Religion


You were on level 6 of the Dungeon.
You worshipped Kikubaaqudgha.
Kikubaaqudgha was noncommittal.
You were very thirsty.

You visited 2 branches of the dungeon, and saw 7 of its levels.

You collected 302 gold pieces.

Inventory:

Hand Weapons
 a - a +1 dagger
 A - a +2 whip of venom (weapon)
Armour
 b - a +0 robe (worn)
 n - a +2 robe of magic resistance
Jewellery
 q - an uncursed ring of protection from fire {unknown}
Wands
 p - a wand of polymorph (12)
 x - a wand of digging (18)
Scrolls
 f - 3 scrolls of remove curse {unknown}
 j - 4 scrolls of identify {unknown}
 k - a scroll of noise {unknown}
 m - 3 scrolls of enchant armour {unknown}
 r - a scroll of magic mapping {unknown}
 t - 2 scrolls of teleportation {unknown}
 w - 2 scrolls of fog {unknown}
 y - a scroll of amnesia {unknown}
Potions
 d - 7 potions of blood
 e - a potion of curing
 g - 2 potions of degeneration {unknown}
 h - 4 potions of brilliance {unknown}
 i - 5 potions of heal wounds {unknown}
 l - 2 potions of ambrosia {unknown}
 o - 2 potions of haste {unknown}
 s - a potion of mutation {unknown}
 u - a potion of cancellation {unknown}
 v - a potion of might {unknown}
 z - a potion of lignification {unknown}
 B - a potion of resistance {unknown}
Books
 c - a book of Maledictions

   Spells                             Type                      Level
   a - Corona                         Hexes                        1
   b - Ensorcelled Hibernation        Hexes/Ice                    2
   c - Confuse                        Hexes                        3
   d - Tukima's Dance                 Hexes                        3
   e - Dazzling Spray                 Conjuration/Hexes            3


   Skills:
 + Level 5.5 Short Blades
 - Level 2.1 Dodging
 + Level 7.3 Stealth
 + Level 4.9 Spellcasting
 + Level 8.4 Hexes


You had 7 spell levels left.
You knew the following spells:

 Your Spells              Type           Power        Failure   Level  Hunger
a - Corona                Hex            ####...      1%          1    None
b - Ensorcelled Hibernat  Hex/Ice        ###...       3%          2    #......
c - Confuse               Hex            ####....     1%          3    ###....
d - Tukima's Dance        Hex            ####....     1%          3    ###....


Dungeon Overview and Level Annotations

Branches:
Dungeon (6/15)             Temple (1/1) D:5

Altars:
Ashenzari
Cheibriados
Dithmenos
Elyvilon
Fedhas
Gozag
Hepliaklqana
Kikubaaqudgha
Makhleb
Nemelex Xobeh
Okawaru
Qazlal
Ru
Sif Muna
Trog
Uskayaw
Vehumet
Wu Jian
Xom
Yredelemnul
Zin
The Shining One

Shops:
D:4 (*

Annotations:
D:6 Prince Ribbit


Innate Abilities, Weirdness & Mutations

You heal slowly.
You have razor-sharp teeth.
You have supernaturally acute eyesight. (SInv)
You can survive without breathing.


Message History

Prince Ribbit is poisoned.
Prince Ribbit is lightly wounded.
Prince Ribbit hits you!!
Prince Ribbit hops awkwardly around.
Prince Ribbit hits you!
You miss Prince Ribbit.
Prince Ribbit is lightly wounded.
Prince Ribbit hits you!!
* * * LOW HITPOINT WARNING * * *
It was a potion of curing.
You feel better. Prince Ribbit hits you.
* * * LOW HITPOINT WARNING * * *
Prince Ribbit hits you.
* * * LOW HITPOINT WARNING * * *
Unknown command.
You feel better. Prince Ribbit misses you.
You miss Prince Ribbit.
Prince Ribbit is moderately wounded.
Prince Ribbit hits you!
You die...
Kikubaaqudgha rasps: "You have failed me!
Welcome... oblivion!"

♣♣.%.♣♣
♣♣.....♣♣
♣♣.%.....♣♣
♣...._....♣
♣♣.........♣♣
♣...........♣
♣....F..♣ ##
♣.@.♣ ###.
♣♣...♣♣ ... ♣
♣.....♣♣ #.
..c..##.#..# #.
#..#. #....#####
##
##...###........
###
..#..#.....####
... #...#......#
..# ..#...#....#


You could see Prince Ribbit.

Vanquished Creatures
  Sigmund (D:2)
  Edmund (D:4)
  A centaur (D:5)
  A bullfrog (D:5)
  3 scorpions
  A hound (D:5)
  3 jellies
  5 orc wizards
  Natasha (D:4)
  3 worker ants (D:4)
  6 adders
  4 gnolls
  An ooze (D:3)
  2 adder zombies
  3 worms
  4 dart slugs
  3 leopard geckos
  8 orcs
  3 giant cockroaches
  6 hobgoblins
  3 jackals (D:1)
  6 kobolds
  2 quokkas
  A ball python skeleton (D:4)
  8 bats
  4 frilled lizards
  5 goblins
  5 rats
94 creatures vanquished.

Notes
Turn   | Place    | Note
-------+----------+-------------------------------------------
     0 | D:1      | KarmaPolice the Vampire Enchanter began the quest for the Orb.
     0 | D:1      | Reached XP level 1. HP: 13/13 MP: 3/3
   376 | D:1      | Reached XP level 2. HP: 19/19 MP: 3/5
   853 | D:1      | Reached skill level 5 in Hexes
  1098 | D:1      | Reached XP level 3. HP: 15/24 MP: 4/6
  1785 | D:2      | Noticed Sigmund
  1792 | D:2      | Killed Sigmund
  1792 | D:2      | Reached skill level 6 in Hexes
  1792 | D:2      | Reached XP level 4. HP: 13/30 MP: 7/9
  1792 | D:2      | Reached XP level 5. HP: 15/35 MP: 7/10
  2342 | D:2      | Found a burning altar of Makhleb.
  2930 | D:2      | Learned a level 2 spell: Ensorcelled Hibernation
  2934 | D:2      | Learned a level 3 spell: Confuse
  2938 | D:2      | Learned a level 3 spell: Tukima's Dance
  3542 | D:3      | Found a sacrificial altar of Ru.
  3811 | D:3      | Found an opulent altar of Gozag.
  3812 | D:3      | Found a sparkling altar of Nemelex Xobeh.
  4288 | D:4      | Found an iron altar of Okawaru.
  4315 | D:4      | Found Mocasirr's Antique Weapon Shoppe.
  4321 | D:4      | Reached XP level 6. HP: 38/41 MP: 11/11
  4571 | D:4      | Noticed Edmund
  4581 | D:4      | Killed Edmund
  4581 | D:4      | Reached skill level 5 in Stealth
  4581 | D:4      | Reached skill level 7 in Hexes
  4590 | D:4      | Found Gayteem's Assorted Antiques.
  4913 | D:4      | Noticed Natasha
  4927 | D:4      | Killed Natasha
  4927 | D:4      | Reached XP level 7. HP: 36/46 MP: 2/13
  5306 | D:5      | Entered Level 5 of the Dungeon
  5319 | D:5      | Found a staircase to the Ecumenical Temple.
  5329 | Temple   | Entered the Ecumenical Temple
  5444 | Temple   | Became a worshipper of Kikubaaqudgha
  6057 | D:5      | Reached skill level 5 in Short Blades
  6291 | D:5      | Found a white marble altar of Elyvilon.
  6362 | D:5      | Reached skill level 8 in Hexes
  6657 | D:6      | HP: 2/46 [centaur/arrow (6)]
  7118 | D:5      | Reached XP level 8. HP: 37/52 MP: 15/15
  7348 | D:6      | Found a shattered altar of Ashenzari.
  7835 | D:6      | Noticed Prince Ribbit
  7836 | D:6      | Found a blossoming altar of Fedhas.
  7844 | D:6      | Slain by Prince Ribbit

Vault maps used:
D:1:      lordsloth_arrival_two_stooges
D:2:      marbit_many_paths, uniq_sigmund
D:3:      nicolae_overflow_crystal_walls, grunt_temple_overflow_opulence,
          kennysheep_generic_room_3
D:4:      old_standard_altar, first_ration, serial_shops,
          nicolae_shop_competitors_out_of_business, shop, uniq_natasha,
          uniq_edmund
D:5:      kennysheep_mini, minmay_temple_entry_grid
D:6:      lemuel_doored_altar, fedhas_altar_fruit_tree, minivault_26, hex_large,
          minivault_26, uniq_prince_ribbit1
Temple:   nicolae_temple_great_sept

Skill      XL: |  1  2  3  4  5  6  7 |
---------------+----------------------+-----
Short Blades   | 2 3 4 5 |  5.5
Hexes          | 5 6 7 8 |  8.4
Spellcasting   | 3 4 |  4.9
Stealth        | 5 7 |  7.3
Dodging        | |  2.1

Action                   |  1- 3 |  4- 6 |  7- 9 || total
-------------------------+-------+-------+-------++-------
Melee: Dagger            |   113 |   141 |    87 ||   341
       Bite              |    13 |    11 |     7 ||    31
       Unarmed           |       |     5 |       ||     5
       Dire flail        |       |     4 |       ||     4
       Whip              |       |       |    30 ||    30
 Cast: Corona            |     4 |       |       ||     4
       Ensorcelled Hiber |       |    16 |    23 ||    39
       Confuse           |       |       |     2 ||     2
 Abil: End Transformatio |       |     3 |     3 ||     6
       Bat Form          |       |     3 |     3 ||     6
  Use: Potion            |       |     4 |     9 ||    13
 Stab: Sleeping          |     4 |    22 |    14 ||    40
       Distracted        |       |     3 |       ||     3
  Eat: Corpse            |       |     1 |       ||     1
Armor: Robe              |    13 |    18 |     5 ||    36
Dodge: Dodged            |    62 |    78 |    77 ||   217

Table legend:
 A = Spawn XP
 B = Non-spawn XP
 C = Spawn XP percentage of total XP
 D = Spawn monster count
 E = Non-spawn monster count
 F = Spawn count percentage of total count
 G = Total turns spent on level
                    A         B        C        D         E        F      G
               +---------+---------+-------+---------+---------+-------+---------
         Total |       0 |    1563 |   0.0 |       0 |      94 |   0.0 |  7844
               +---------+---------+-------+---------+---------+-------+---------
           D:1 |       0 |      49 |   0.0 |       0 |      27 |   0.0 |  1650
           D:2 |       0 |     289 |   0.0 |       0 |      18 |   0.0 |  1618
           D:3 |       0 |      80 |   0.0 |       0 |      12 |   0.0 |  1143
           D:4 |       0 |     355 |   0.0 |       0 |      11 |   0.0 |   895
           D:5 |       0 |     593 |   0.0 |       0 |      20 |   0.0 |  1667
           D:6 |       0 |     197 |   0.0 |       0 |       6 |   0.0 |   743
               +---------+---------+-------+---------+---------+-------+---------
